Map: Ruins of Seras

Players

Grumm - Winner!

  • Race: Protoss Protoss
  • League: Gold

SuperZanti

  • Race: Protoss Protoss
  • League: Silver

VOD

Have the link to the VOD?

Description

Time

  • Played on: Jan. 31, 2016, 11:25 p.m.
  • Length: 20:18
Show
View Real Time Build Order
Export as new Build Order

Grumm Protoss - Winner!

Build Orders: 1 Gate Expand 

Get SALT Encoding   

  12  0:01  Probe (Chrono Boost)  
  13  0:11  Probe (Chrono Boost)  
  14  0:22  Pylon  
  14  0:24  Probe (Chrono Boost)  
  15  0:41  Probe (Chrono Boost)  
  16  0:46  Gateway  
  16  0:51  Probe (Chrono Boost)  
  17  1:00  Forge  
  17  1:02  Probe (Chrono Boost)  
  18  1:12  Probe (Chrono Boost)  
  19  1:33  Nexus  
  19  1:51  Cybernetics Core  
  19  1:58  Pylon  
  19  2:01  Photon Cannon  
  19  2:04  Probe (Chrono Boost)  
  20  2:09  Assimilator  
  20  2:13  Assimilator  
  20  2:24  Gateway  
  20  2:32  Assimilator  
  20  2:34  Probe (Chrono Boost)  
  21  2:37  Assimilator  
  21  2:45  Probe (Chrono Boost)  
  21  2:48  Probe (Chrono Boost)  
  23  2:55  Probe (Chrono Boost)  
  24  3:05  Pylon  
  26  3:13  Mothership Core (Chrono Boost), Probe (Chrono Boost)  
  26  3:19  Warp Gate (Chrono Boost)  
  27  3:24  Gateway, Probe (Chrono Boost)  
  28  3:31  Probe (Chrono Boost)  
  29  3:35  Probe (Chrono Boost)  
  30  3:41  Probe (Chrono Boost)  
  30  3:44  Probe (Chrono Boost)  
  32  3:53  Robotics Facility  
  32  4:05  Probe  
  32  4:06  Probe  
  33  4:20  Stargate  
  33  4:22  Pylon  
  33  4:33  Stalker  
  33  4:34  Zealot  
  33  4:36  Stalker  
  39  4:39  Probe  
  39  4:40  Observer  
  39  4:44  Probe  
  42  4:56  Pylon, Probe  
  43  5:01  Probe  
  43  5:03  Pylon  
  44  5:12  Protoss Ground Weapons Level 1 (Chrono Boost)  
  44  5:19  Immortal  
  48  5:22  Probe  
  48  5:28  Oracle  
  49  5:33  Probe  
  49  5:34  Probe  
  54  5:43  Probe  
  54  5:46  Probe  
  56  5:52  Fleet Beacon  
  56  6:01  Stalker  
  56  6:02  Stalker  
  60  6:18  Photon Cannon  
  60  6:21  Observer  
  61  6:29  Stalker x2  
  61  6:30  Stalker  
  67  7:05  Probe  
  67  7:07  Probe  
  69  7:13  Photon Cannon  
  69  7:16  Probe, Photon Cannon  
  69  7:19  Pylon, Probe  
  71  7:23  Protoss Ground Armor Level 1 (Chrono Boost)  
  71  7:26  Probe  
  72  7:31  Probe  
  72  7:33  Twilight Council  
  73  7:38  Stargate  
  73  7:40  Stargate  
  73  7:41  Pylon  
  73  7:43  Tempest  
  77  7:45  Zealot  
  77  7:46  Zealot x2  
  83  8:00  Pylon, Probe  
  83  8:02  Probe  
  83  8:04  Immortal  
  83  8:05  Pylon  
  89  8:09  Charge (Chrono Boost)  
  89  8:29  Tempest  
  89  8:31  Zealot x3  
  99  8:43  Immortal  
  103  8:50  Probe x2  
  105  9:12  Nexus, Tempest  
  105  9:13  Pylon  
  109  9:39  Robotics Bay  
  109  9:41  Dark Shrine  
  109  9:43  Photon Cannon  
  109  9:45  Photon Cannon  
  109  9:49  Photon Cannon  
  109  9:50  Gateway  
  109  9:51  Gateway  
  109  9:53  Photon Cannon  
  109  9:56  Pylon  
  109  9:59  Photon Cannon  
  109  10:02  Assimilator, Protoss Shields Level 1  
  109  10:05  Assimilator  
  109  10:10  Immortal  
  113  10:19  Protoss Air Weapons Level 1 (Chrono Boost)  
  113  10:27  Void Ray  
  117  10:36  Extended Thermal Lance  
  117  10:45  Gateway  
  117  10:47  Pylon  
  117  10:50  Gateway  
  117  10:52  Pylon  
  117  10:56  Probe x2  
  119  10:58  Probe  
  120  11:08  Probe x2  
  122  11:13  Colossus  
  122  11:18  Void Ray  
  132  11:26  Void Ray  
  136  12:05  Nexus  
  136  12:07  Pylon  
  136  12:10  Pylon  
  136  12:14  Colossus, Pylon  
  141  12:16  Tempest  
  141  12:17  Void Ray  
  149  12:23  Stalker x2  
  153  12:31  Forge  
  153  12:32  Pylon  
  153  12:39  Photon Cannon  
  153  12:43  Photon Cannon  
  153  12:56  Observer Gravitic Boosters  
  153  13:20  Colossus  
  153  13:23  Tempest x2  
  153  13:24  Tempest  
  153  13:25  Protoss Ground Armor Level 2  
  169  13:29  Zealot x2  
  169  13:30  Zealot  
  137  13:40  Protoss Ground Weapons Level 2  
  114  14:09  Void Ray x2 (Chrono Boost)  
  126  14:12  Void Ray (Chrono Boost)  
  126  14:20  Assimilator  
  126  14:22  Assimilator  
  126  14:33  Stalker x4  
  126  14:37  Stalker  
  136  14:57  Protoss Air Weapons Level 2  
  136  15:02  Carrier (Chrono Boost)  
  136  15:03  Carrier (Chrono Boost)  
  148  15:07  Stalker  
  148  15:12  Pylon, Zealot x2  
  154  15:26  Protoss Ground Armor Level 3  
  154  15:27  Pylon  
  154  15:41  Zealot x5  
  154  15:42  Zealot x2  
  168  15:45  Pylon  
  168  15:50  Immortal  
  168  15:55  Pylon  
  172  16:31  Colossus  
  178  16:33  Void Ray (Chrono Boost)  
  178  16:34  Void Ray (Chrono Boost)  
  178  16:36  Stalker x3  
  178  16:39  Void Ray (Chrono Boost)  
  196  16:42  Protoss Ground Weapons Level 3  
  196  16:57  Nexus  
  196  17:00  Assimilator  
  196  17:02  Pylon  
  196  17:13  Pylon  
  196  17:36  Zealot x2  
  154  18:00  Zealot x2  
  154  18:01  Zealot x5  
  130  18:17  Observer  
  131  18:20  Void Ray (Chrono Boost)  
  131  18:21  Void Ray (Chrono Boost)  
  131  18:24  Photon Cannon  
  131  18:26  Void Ray (Chrono Boost), Photon Cannon  
  143  18:28  Pylon  
  103  19:05  Stalker  
  103  19:06  Stalker x6  
Show
View Real Time Build Order
Export as new Build Order

SuperZanti Protoss 

Build Orders: Nexus First, Zealot Archon 

Get SALT Encoding   

  12  0:01  Probe (Chrono Boost)  
  13  0:13  Pylon  
  13  0:18  Probe (Chrono Boost)  
  15  0:28  Probe (Chrono Boost)  
  15  0:40  Probe (Chrono Boost)  
  16  0:50  Probe (Chrono Boost)  
  17  1:01  Nexus  
  17  1:12  Gateway  
  17  1:18  Probe (Chrono Boost)  
  18  1:21  Assimilator  
  18  1:28  Probe (Chrono Boost)  
  18  1:30  Assimilator  
  19  1:53  Probe (Chrono Boost)  
  20  2:00  Pylon  
  20  2:02  Cybernetics Core  
  20  2:04  Probe (Chrono Boost)  
  21  2:15  Probe (Chrono Boost)  
  22  2:25  Probe (Chrono Boost)  
  22  2:27  Probe (Chrono Boost)  
  24  2:37  Gateway  
  24  2:40  Robotics Facility  
  24  2:41  Warp Gate (Chrono Boost)  
  24  2:42  Probe (Chrono Boost)  
  26  2:44  Probe (Chrono Boost)  
  26  3:03  Probe (Chrono Boost)  
  26  3:04  Probe  
  28  3:12  Twilight Council  
  28  3:18  Pylon  
  28  3:28  Immortal  
  28  3:31  Mothership Core (Chrono Boost)  
  34  3:40  Gateway  
  34  3:44  Gateway  
  34  3:49  Pylon  
  34  4:22  Gateway  
  34  4:23  Pylon  
  34  4:27  Probe x2 (Chrono Boost)  
  34  4:28  Gateway  
  36  4:31  Pylon  
  36  4:38  Probe x2 (Chrono Boost)  
  38  4:40  Gateway  
  38  4:41  Charge  
  38  4:48  Dark Shrine  
  38  4:55  Pylon  
  38  4:59  Stalker  
  40  5:03  Probe x2 (Chrono Boost)  
  42  5:07  Sentry  
  42  5:09  Stalker  
  46  5:17  Stalker  
  48  5:24  Immortal  
  52  5:35  Stalker  
  54  5:42  Stalker  
  56  5:45  Assimilator  
  56  5:46  Probe x2 (Chrono Boost)  
  56  5:49  Assimilator  
  58  5:56  Probe (Chrono Boost)  
  58  5:57  Probe (Chrono Boost)  
  60  5:58  Pylon  
  60  6:05  Dark Templar  
  62  6:22  Zealot x6  
  74  6:31  Gateway  
  73  6:44  Stalker x3  
  78  7:00  Probe (Chrono Boost)  
  79  7:11  Probe (Chrono Boost)  
  80  7:17  Dark Templar x3  
  86  7:30  Forge x2  
  86  7:32  Pylon  
  86  7:44  Archon  
  86  7:46  Zealot x2  
  86  7:47  Zealot x2  
  94  7:58  Pylon  
  94  8:06  Pylon  
  94  8:12  Probe (Chrono Boost)  
  95  8:18  Nexus  
  95  8:20  Protoss Ground Weapons Level 1 (Chrono Boost)  
  95  8:22  Protoss Ground Armor Level 1 (Chrono Boost)  
  95  8:32  Stalker  
  97  8:35  Stalker  
  97  8:37  Stalker  
  101  8:46  Stalker x2  
  105  8:56  Immortal  
  109  9:14  Dark Templar x3  
  113  9:26  Probe x2  
  113  9:29  Probe  
  116  9:36  Stalker  
  116  9:38  Probe x2  
  120  9:39  Probe  
  120  9:45  Stargate  
  121  9:50  Probe  
  121  9:51  Sentry  
  124  9:53  Dark Templar x3  
  124  9:55  Archon  
  124  9:59  Pylon  
  130  10:09  Pylon  
  130  10:12  Protoss Ground Weapons Level 2 (Chrono Boost)  
  130  10:13  Assimilator  
  130  10:14  Protoss Ground Armor Level 2 (Chrono Boost)  
  130  10:24  Stalker x2  
  134  10:30  Probe  
  134  10:32  Probe x2  
  134  10:33  Assimilator  
  137  10:42  Probe  
  137  10:44  Probe  
  137  10:49  Probe  
  140  10:53  Probe  
  140  10:54  Stalker x3  
  140  10:55  Stalker  
  149  11:00  Pylon  
  149  11:18  Phoenix, Probe x2  
  149  11:20  Pylon  
  149  11:24  Pylon  
  153  11:26  Probe, Gateway  
  153  11:30  Probe x2  
  156  11:37  Probe  
  157  11:40  Dark Templar x3  
  157  11:43  Phoenix  
  157  11:44  Sentry x2  
  157  11:46  Archon x2  
  169  11:48  Archon  
  103  12:08  Phoenix  
  171  12:17  Nexus  
  171  12:18  Dark Templar  
  171  12:20  Pylon  
  173  12:27  Pylon  
  173  12:31  Pylon  
  173  12:47  Phoenix  
  173  12:50  Dark Templar x2  
  173  12:51  Dark Templar x4  
  185  12:54  Zealot x3  
  185  12:56  Archon x2  
  185  12:57  Archon  
  191  13:12  Phoenix  
  156  13:39  Dark Templar x3  
  156  13:40  Dark Templar x4  
  129  13:57  Dark Templar x2  
  129  14:00  Phoenix  
  135  14:19  Pylon  
  135  14:27  Protoss Ground Weapons Level 3 (Chrono Boost)  
  135  14:28  Protoss Ground Armor Level 3 (Chrono Boost)  
  135  14:33  Assimilator  
  135  14:34  Zealot x6  
  135  14:35  Zealot x3  
  135  14:37  Assimilator  
  153  15:02  Stalker x3  
  153  15:03  Stalker x3  
  165  15:20  Blink (Chrono Boost)  
  165  15:33  Zealot x3  
  165  15:34  Zealot x4  
  165  15:35  Zealot  
  181  15:40  Phoenix  
  183  16:01  Dark Templar  
  183  16:02  Dark Templar x4  
  193  16:19  Dark Templar x2  
  193  16:21  Archon x4  
  193  16:22  Archon  
  193  16:23  Archon x2  
  197  16:34  Nexus  
  197  16:35  Pylon  
  197  16:37  Pylon  
  197  16:40  Protoss Shields Level 1  
  197  16:58  Phoenix  
  199  17:42  Gateway  
  199  17:45  Gateway  
  199  17:47  Gateway  
  199  17:49  Gateway  
  151  17:58  Dark Templar  
  151  17:59  Dark Templar x5  
  151  18:00  Dark Templar x3  
  123  18:21  Archon x4  
  123  18:29  Probe  
  124  18:36  Warp Prism  
  124  18:40  Probe  
  126  18:42  Phoenix  
  129  18:50  Probe  
  110  18:58  Assimilator  
  110  19:00  Assimilator  
  110  19:01  Probe  
  94  19:07  Phoenix  
  82  19:11  Probe  
  82  19:15  Dark Templar x4  
  48  19:32  Phoenix  
  45  19:51  Dark Templar  
  47  19:53  Dark Templar  
Tags
 
Add a new tag
Caveats
  • Supply blocks, unpowered buildings, or Contaminate may cause inaccurate times.
  • Supply counts are checked every 10 seconds.